 Dungeon Crawl Stone Soup version 0.30-a0-939-gc8157cb160 (webtiles) character file.

Game seed: 12116267525653047587

153430 cforsyth the Warrior (level 17, 0/105 HPs)
             Began as a Vine Stalker Fighter on Mar 25, 2023.
             Was a Believer of Uskayaw.
             Slain by a death scarab (6 damage)
             ... on level 3 of the Spider Nest.
             The game lasted 01:24:29 (27485 turns).

cforsyth the Warrior (Vine Stalker Fighter)        Turns: 27485, Time: 01:24:29

Health: 0/105      AC: 27    Str: 34    XL:     17   Next: 60%
Magic:  0/25       EV: 10    Int:  8    God:    Uskayaw [**....]
Gold:   3318       SH:  8    Dex: 18    Spells: 16/16 levels left

rFire   + + .      SeeInvis +    a - +2 quick blade (drain)
rCold   + + .      Faith    .    U - +1 buckler {rC+ rF+}
rNeg    + . .      Spirit   +    X - +0 pearl dragon scales
rPois   +          Reflect  .    N - +1 helmet
rElec   .          Rampage  .    m - +1 cloak {rC+}
rCorr   +                        c - +1 pair of gloves {Str+3}
Will    ++...                    F - +1 pair of boots
Stlth   +                        s - amulet of regeneration
HPRegen 1.97/turn                P - ring of the Thieving Gods {rPois rCorr Dex+2 SInv}
MPRegen 0.19/turn                o - ring of Huqud {rF+ Str+6 Stlth+}

@: about to teleport, slowed, studying Poison Magic, very slow
A: fangs 3, regeneration 1, magic shield, antimagic bite, no potion heal 2
a: Renounce Religion, Stomp, Line Pass


You were on level 3 of the Spider Nest.
You worshipped Uskayaw.
Uskayaw was aware of your devotion.
You visited 4 branches of the dungeon, and saw 25 of its levels.
You also visited: Ossuary, Bailey, Gauntlet and Ice Cave.

You collected 3792 gold pieces.
You spent 474 gold pieces at shops.

Inventory:

Hand Weapons
 a - a +2 quick blade of draining (weapon)
 B - the +7 rapier "Acveemed" {flame, Fly rC++ Will- Dex+2}
   (You found it on level 5 of the Lair of Beasts)

   Dex:       It affects your dexterity (+2).
   rC:        It greatly protects you from cold.
   Fly:       It grants you flight.
   Will:      It decreases your willpower.
 T - the +9 sword of Zonguldrok {reap}
   (You found it on level 14 of the Dungeon)
Armour
 c - a +1 pair of gloves of strength (worn)
 m - a +1 cloak of cold resistance (worn)
 F - a +1 pair of boots (worn)
 N - a +1 helmet (worn)
 U - a +1 buckler of resistance (worn)
 X - +0 pearl dragon scales (worn)
Jewellery
 o - the ring of Huqud (right hand) {rF+ Str+6 Stlth+}
   (You found it in a Gauntlet)

   [ring of strength]

   Str:       It affects your strength (+6).
   rF:        It protects you from fire.
   Stlth:     It makes you more stealthy.
 s - an amulet of regeneration (around neck)
 C - a ring of willpower
 J - the ring "Gagubo" {Fire +Blink Dex-2 Stlth+}
   (You found it in a Gauntlet)

   [ring of fire]

   It enhances your fire magic.
   Dex:       It affects your dexterity (-2).
   rF:        It protects you from fire.
   rC:        It makes you vulnerable to cold.
   +Blink:    It lets you blink.
   Stlth:     It makes you more stealthy.
 L - a ring of flight
 M - the necklace of Bloodlust {Fury *Rage Will++ Int-3 Slay+6}
   (You took it off a minotaur in a Gauntlet)

   [amulet of nothing]

   Fury:      It extends the wearer's berserk rage when killing foes.
   Int:       It affects your intelligence (-3).
   Slay:      It affects your accuracy & damage with ranged weapons and melee
   (+6).
   *Rage:     It berserks you when you make melee attacks (+50% chance).
   Will:      It greatly increases your willpower.
 O - a ring of willpower
 P - the ring of the Thieving Gods (left hand) {rPois rCorr Dex+2 SInv}
   (You found it on level 15 of the Dungeon)

   [ring of see invisible]

   Dex:       It affects your dexterity (+2).
   rPois:     It protects you from poison.
   SInv:      It lets you see invisible.
   rCorr:     It protects you from acid and corrosion.
 Q - an amulet of faith
 S - a ring of fire
 Z - a +5 ring of evasion
Wands
 A - a wand of digging (7)
 D - a wand of polymorph (6)
 G - a wand of iceblast (9)
 W - a wand of flame (6)
Scrolls
 b - 2 scrolls of silence
 d - a scroll of brand weapon
 i - 3 scrolls of teleportation
 j - 2 scrolls of butterflies
 l - 4 scrolls of fog
 n - 3 scrolls of vulnerability
 p - 4 scrolls of enchant armour
 t - 8 scrolls of blinking
 w - 2 scrolls of amnesia
 y - a scroll of torment
 E - 6 scrolls of immolation
 I - 2 scrolls of enchant weapon
 K - 3 scrolls of fear
 R - a scroll of magic mapping
 Y - 7 scrolls of identify
Potions
 e - 5 potions of flight
 f - a potion of ambrosia
 g - 9 potions of magic
 h - a potion of resistance
 k - 8 potions of haste
 r - a potion of invisibility
 u - 3 potions of lignification
 v - 5 potions of attraction
 x - 5 potions of mutation
 z - 3 potions of brilliance
 H - 4 potions of curing
 V - 7 potions of might


   Skills:
 + Level 18.5 Fighting
 - Level 10.3 Short Blades
 + Level 14.7 Armour
 + Level 9.7 Shields
 - Level 10.0 Invocations


You had 16 spell levels left.
You didn't know any spells.
Your spell library contained the following spells:

 Spells                   Type           Power      Damage    Failure   Level
 Foxfire                  Conj/Fire      0%         2x1d4     67%         1
 Magic Dart               Conj           0%         1d3       67%         1
 Necrotise                Necr           0%         1d4       67%         1
 Shock                    Conj/Air       0%         1d3       67%         1
 Slow                     Hex            0%         N/A       67%         1
 Cigotuvi's Dreadful Rot  Necr/Pois/Air  0%         N/A       80%         2
 Ensorcelled Hibernation  Hex/Ice        0%         N/A       80%         2
 Passwall                 Tmut/Erth      0%         N/A       80%         2
 Poisonous Vapours        Pois/Air       0%         N/A       80%         2
 Searing Ray              Conj           0%         2d4       80%         2
 Confusing Touch          Hex            0%         N/A       95%         3
 Inner Flame              Hex/Fire       0%         N/A       95%         3
 Mephitic Cloud           Conj/Pois/Air  0%         N/A       95%         3
 Stone Arrow              Conj/Erth      0%         3d7       95%         3
 Swiftness                Air            0%         N/A       95%         3
 Vampiric Draining        Necr           0%         2d6       95%         3
 Airstrike                Air            0%         2d(0-16)  100%        4
 Anguish                  Hex/Necr       0%         N/A       100%        4
 Animate Armour           Summ/Erth      0%         N/A       100%        4
 Cause Fear               Hex            0%         N/A       100%        4
 Dispel Undead            Necr           0%         3d6       100%        4
 Flame Wave               Conj/Fire      0%         2d4       100%        4
 Fulminant Prism          Conj/Hex       0%         3d5       100%        4
 Leda's Liquefaction      Hex/Erth       0%         N/A       100%        4
 Petrify                  Tmut/Erth      0%         N/A       100%        4
 Sticky Flame             Conj/Fire      0%         2d3       100%        4
 Agony                    Necr           0%         N/A       100%        5
 Blade Hands              Tmut           0%         N/A       100%        5
 Fireball                 Conj/Fire      0%         3d3       100%        5
 Lee's Rapid Deconstruct  Erth           0%         3d4*      100%        5
 Metabolic Englaciation   Hex/Ice        0%         N/A       100%        5
 Death Channel            Necr           0%         N/A       100%        6
 Iron Shot                Conj/Erth      0%         9d1       100%        6
 Starburst                Conj/Fire      0%         6d3       100%        6
 Statue Form              Tmut/Erth      0%         N/A       100%        6
 Discord                  Hex            0%         N/A       100%        8
 Lehudib's Crystal Spear  Conj/Erth      0%         10d2      100%        8
 Death's Door             Necr           0%         N/A       100%        9


Dungeon Overview and Level Annotations

Branches:
Dungeon (15/15)            Temple (0/1) D:7            Lair (5/5) D:10
  Swamp (0/4) Lair:2       Spider (3/4) Lair:3        Slime (0/5) Lair:4
    Orc (2/2) D:10            Elf (0/3) Orc:2        Vaults (0/5) D:14
 Depths (0/4) D:15        Ossuary (visited)          Bailey (visited)
  IceCv (visited)         Gauntlet (visited)

Altars:
Ashenzari
Cheibriados
Elyvilon
Fedhas
Gozag
Hepliaklqana
Kikubaaqudgha
Makhleb
Nemelex Xobeh
Ru
Sif Muna
Uskayaw
Vehumet
Xom
Zin
The Shining One
Jiyva

Shops:
D:2 !   D:10 !   Orc:2 *=?=[

Annotations:
Lair:1 1 runed translucent door, oldriver's ghost, journeyman DrIE
Spider:3 Azrael
Orc:2 3 runed translucent doors, AverageBear's ghost, journeyman OpCA; elongatedgoose's ghost, journeyman MiFi


Innate Abilities, Weirdness & Mutations

You have razor-sharp teeth.
Your natural rate of healing is unusually fast.
When hurt, damage is shared between your health and your magic reserves.
Your bite disrupts and absorbs the magic of your enemies.
Potions cannot restore your health.


Message History

The pharaoh ant barely misses you. The redback closely misses you.
The redback bites you but does no damage.
The pharaoh ant bites you!
* * * LOW HITPOINT WARNING * * *
A redback comes into view.
Your surroundings suddenly seem different.
A death scarab, a pharaoh ant and 7 spiders come into view.
Found a potion of curing.
Found a stone staircase leading down.
The orb spider's many legs skitter faintly. x2
The culicivora's many legs skitter faintly.
The death scarab's many legs skitter faintly.
The wolf spider's many legs skitter.
The pharaoh ant gives a chilling moan.
The death scarab bites you but does no damage.
A redback comes into view.
The culicivora bites you but does no damage.
The teleport trap disappears.
The culicivora disappears!
The pharaoh ant bites you but does no damage.
The redback moves out of view.
The culicivora moves out of view.
As you read the scroll of teleportation, it crumbles to dust.
You feel strangely unstable. The pharaoh ant closely misses you.
The wolf spider hits you but does no damage.
The wolf spider bites you but does no damage.
The death scarab bites you but does no damage.
Found a book of the Hunter.
The death scarab closely misses you. You block the culicivora's attack.
The pharaoh ant bites you!
* * * LOW HITPOINT WARNING * * *
Unknown command.
The pharaoh ant attacks as you move away!
The pharaoh ant bites you!
* * * LOW HITPOINT WARNING * * *
The death scarab bites you.
* * * LOW HITPOINT WARNING * * *
The death scarab drains your vigour!
You feel yourself slow down.
The death scarab draws strength from your injuries!
Unknown command.
The pharaoh ant attacks as you move away!
The pharaoh ant bites you but does no damage.
The death scarab attacks as you move away!
The death scarab bites you!
You die...

### #### #..
#...# ..###
#..#.#.#..#
# #^.......#
#
#..#...#...#
##.
##..#ss....#
.#..
#.^...sBs##
..^
...#s...B@.#
##.
#.#s..##...#
#^. ..#..#s.
..# ###..
#.s#....#..
.# .○s.#
#.....#. ...
.# #°E°
.##.....
...# .. #.E
^.##..^ .#.#
. °°R☼# ..
..# :...
.h☼.. ####


You could see 3 wolf spiders, 2 orb spiders, a culicivora, a pharaoh ant, a
death scarab and a redback.

Vanquished Creatures
  A bone dragon (D:14)
  Mlioglotl (Spider:2)
  Jorgrun (Orc:1)
  3 liches (D:15)
  The ghost of Tolur the Eclecticist, an adept DEFE of Vehumet (D:15)
  A ghost moth (Spider:3)
  A cacodemon (Gauntlet)
  An ironbound preserver (D:14)
  2 broodmothers
  A minotaur (Gauntlet)
  A spark wasp (Spider:2)
  A white draconian (IceCv)
  3 fire dragons
  Josephine (D:13)
  4 entropy weavers
  2 vault guards (Bailey)
  An ice dragon (D:15)
  A catoblepas (Lair:5)
  2 radroaches
  A rakshasa (D:11)
  3 two-headed ogres
  6 hydras
  2 jorogumos (Spider:1)
  Erica (D:11)
  7 centaur warriors
  13 boulder beetles
  A deep troll shaman (Lair:5)
  4 death yaks (Lair:5)
  The ghost of lessens the Cleaver, a novice DrDe of Nemelex Xobeh (D:10)
  Sonja (Lair:4)
  A wretched star (Gauntlet)
  6 skeletal warriors
  2 skysharks (Lair:4)
  A fire crab (shapeshifter) (D:15)
  A sun moth (Spider:1)
  3 pharaoh ants (Spider:2)
  A flayed ghost (D:10)
  5 orb spiders
  2 steelbarb worms (Spider:2)
  6 orc knights
  16 ugly things
  15 wolf spiders
  2 deep elf pyromancers
  4 orc sorcerers
  6 manticores
  8 cyclopes
  5 black mambas
  2 ice statues (IceCv)
  22 elephants
  8 centaur skeletons (D:14)
  3 demonic crawlers
  A gargoyle (D:13)
  3 torpor snails
  An unseen horror (D:11)
  8 cane toads
  6 rime drakes
  2 minotaur zombies (Gauntlet)
  A kobold demonologist (D:12)
  A redback zombie (D:14)
  7 komodo dragons
  5 yaktaurs (D:15)
  2 efreet
  10 trolls
  Prince Ribbit (Bailey)
  2 meliai
  14 tarantellas
  3 harpy skeletons (D:14)
  A blink frog (shapeshifter) (D:13)
  29 blink frogs
  7 dream sheep (Lair:4)
  A meliai zombie (D:14)
  12 jumping spiders
  10 slime creatures
  12 culicivoras
  Sigmund (D:2)
  A shadow (D:13)
  2 vampires
  54 yaks
  3 humans (Bailey)
  3 basilisks
  A steam dragon (Lair:2)
  7 wraiths
  3 wyverns
  Eustachio (D:6)
  3 neqoxecs (Gauntlet)
  19 redbacks
  13 vampire mosquitoes
  2 chaos spawn (Gauntlet)
  2 wargs
  3 swamp worms (Lair:2)
  5 acid dragons
  15 water moccasins
  38 orc warriors
  5 black bears
  3 hornet zombies
  15 wolves
  5 ogres
  3 boggarts (D:15)
  20 centaurs
  A phantom (D:5)
  3 kobold brigands (D:10)
  Blork the orc (D:5)
  19 bullfrogs
  A gnoll sergeant (D:10)
  2 scorpions
  2 wyvern zombies (Ossuary)
  A water moccasin zombie (Ossuary)
  10 wights
  5 lindwurm simulacra (IceCv)
  A vampire bat (D:9)
  3 electric eels
  10 howler monkeys
  6 bullfrog zombies (Ossuary)
  5 centaur zombies
  4 jellies
  4 komodo dragon simulacra (IceCv)
  2 small abominations (Gauntlet)
  Crazy Yiuf (D:5)
  2 gnoll boudas
  4 hounds
  9 orc priests
  5 iguanas
  An iron imp (D:9)
  Jessica (D:2)
  A scorpion zombie (D:4)
  Natasha (thrice) (D:2)
  2 boggart zombies (D:14)
  16 orc wizards
  5 hell rats (Lair:2)
  A boggart skeleton (D:14)
  A killer bee zombie (Ossuary)
  13 mummies (Ossuary)
  3 howler monkey zombies (Ossuary)
  15 gnolls
  9 adders
  7 acid dragon simulacra (IceCv)
  A shadow imp (D:5)
  A white imp (D:6)
  An ufetubus (D:5)
  5 steam dragon simulacra (IceCv)
  An adder zombie (D:4)
  A worm (D:2)
  A dart slug (D:4)
  80 orcs
  9 ball pythons
  A bat (D:2)
  3 bat skeletons (D:9)
  2 bat zombies (D:9)
  5 endoplasms
  5 giant cockroaches
  17 hobgoblins
  4 jackals (D:1)
  5 quokkas
  4 frilled lizards
  10 goblins
  A jackal zombie (D:4)
  10 kobolds
  8 rats
908 creatures vanquished.

Vanquished Creatures (others)
  The ghost of Guh Rysug the Carver, a journeyman DsGl of Okawaru (D:15)
  A culicivora (Spider:2)
  An orc wizard (Orc:2)
  3 ball lightnings (D:15)
  A demonic plant (Gauntlet)
  21 fungi
  45 plants
  5 withered plants
78 creatures vanquished.

Grand Total: 986 creatures vanquished

Notes
Turn   | Place    | Note
-------+----------+-------------------------------------------
     0 | D:1      | cforsyth the Vine Stalker Fighter began the quest for the
                  | Orb.
     0 | D:1      | Reached XP level 1. HP: 11/11 MP: 2/2
   117 | D:1      | Reached XP level 2. HP: 16/16 MP: 3/3
   131 | D:1      | Reached skill level 3 in Fighting
   461 | D:1      | Reached XP level 3. HP: 7/20 MP: 4/4
   862 | D:2      | Noticed Natasha
   879 | D:2      | Killed Natasha
   880 | D:2      | Gained mutation: Your natural rate of healing is unusually
                  | fast. [Vine Stalker growth]
   880 | D:2      | Reached XP level 4. HP: 18/25 MP: 5/5
   882 | D:2      | Noticed Natasha
   896 | D:2      | Killed Natasha
   935 | D:2      | Noticed Sigmund
   953 | D:2      | Killed Sigmund
   954 | D:2      | Reached skill level 4 in Fighting
   954 | D:2      | Reached XP level 5. HP: 22/30 MP: 6/6
   954 | D:2      | Reached XP level 6. HP: 25/34 MP: 7/7
  1017 | D:2      | Found Kuotomuo's Distillery.
  1018 | D:2      | Noticed Jessica
  1036 | D:2      | Killed Jessica
  1125 | D:2      | Noticed Natasha
  1136 | D:2      | Killed Natasha
  1391 | D:3      | Found a broken altar of Ashenzari.
  1392 | D:3      | Found a glowing golden altar of the Shining One.
  1394 | D:3      | Found a shimmering altar of Xom.
  1394 | D:3      | Found a hide-covered altar of Uskayaw.
  1402 | D:3      | Became a worshipper of Uskayaw the Reveller
  1494 | D:3      | Reached * piety under Uskayaw
  1507 | D:3      | Reached skill level 5 in Fighting
  1513 | D:3      | Reached ** piety under Uskayaw
  2171 | D:4      | Reached XP level 7. HP: 26/39 MP: 8/8
  2266 | D:4      | Found a radiant altar of Vehumet.
  2297 | D:4      | Reached skill level 5 in Short Blades
  2303 | D:4      | Reached *** piety under Uskayaw
  2311 | D:4      | Reached **** piety under Uskayaw
  2731 | D:5      | Entered Level 5 of the Dungeon
  2765 | D:5      | Found a sand-covered staircase.
  2786 | D:5      | Reached skill level 6 in Fighting
  2788 | Ossuary  | Entered an ossuary
  2818 | Ossuary  | Reached ***** piety under Uskayaw
  2827 | Ossuary  | Gained mutation: You have razor-sharp teeth. [Vine Stalker
                  | growth]
  2827 | Ossuary  | Reached XP level 8. HP: 42/44 MP: 7/9
  2859 | Ossuary  | Reached skill level 1 in Invocations
  2883 | Ossuary  | Reached ****** piety under Uskayaw
  3009 | Ossuary  | Reached skill level 7 in Fighting
  3348 | D:5      | Reached XP level 9. HP: 50/50 MP: 10/12
  3457 | D:5      | Noticed Blork the orc
  3458 | D:5      | Found a hazy altar of Hepliaklqana.
  3485 | D:5      | Killed Blork the orc
  3972 | D:5      | Found a runed translucent door.
  3973 | D:5      | Noticed Crazy Yiuf
  4428 | D:6      | Found an opulent altar of Gozag.
  4512 | D:6      | Reached skill level 8 in Fighting
  4512 | D:6      | Reached skill level 5 in Invocations
  4532 | D:6      | Found a glowing silver altar of Zin.
  4533 | D:6      | Noticed Eustachio
  4568 | D:6      | Killed Eustachio
  5540 | D:7      | Found a staircase to the Ecumenical Temple.
  5651 | D:6      | Found a sparkling altar of Nemelex Xobeh.
  5731 | D:8      | Reached XP level 10. HP: 57/57 MP: 12/14
  5771 | D:8      | Found a flagged portal.
  5780 | Bailey   | Entered a bailey
  5814 | Bailey   | Reached skill level 9 in Fighting
  6007 | Bailey   | Noticed a vault guard
  6024 | Bailey   | Killed a vault guard
  6033 | Bailey   | Noticed Prince Ribbit
  6033 | Bailey   | Noticed a vault guard
  6043 | Bailey   | Killed a vault guard
  6044 | Bailey   | Killed Prince Ribbit
  6045 | Bailey   | Reached skill level 10 in Fighting
  6544 | D:8      | Found a shimmering blue altar of Sif Muna.
  6721 | D:8      | Reached skill level 10 in Short Blades
  7285 | D:9      | Found a white marble altar of Elyvilon.
  7423 | D:8      | Reached XP level 11. HP: 62/63 MP: 15/15
  7470 | D:9      | HP: 3/64 [acid dragon/splash of acid (18)]
  8101 | D:9      | Found a burning altar of Makhleb.
  8180 | D:9      | Found an ancient bone altar of Kikubaaqudgha.
  8551 | D:9      | Found a blossoming altar of Fedhas.
  8589 | D:9      | Found a snail-covered altar of Cheibriados.
  8642 | D:10     | Entered Level 10 of the Dungeon
  8703 | D:10     | Found a staircase to the Orcish Mines.
  8824 | D:10     | Found Xeextugam's Distillery.
  8912 | D:10     | Found a transporter.
  8912 | D:10     | Noticed lessens's ghost (novice DrDe)
  8914 | D:10     | Noticed a deep elf pyromancer
  8915 | D:10     | Noticed a flayed ghost
  8931 | D:10     | Found a transporter.
  9098 | D:10     | Found a staircase to the Lair.
  9219 | D:10     | Reached skill level 11 in Fighting
  9433 | D:11     | Found a frozen archway.
  9443 | IceCv    | Entered an ice cave
  9747 | IceCv    | Noticed a white draconian
  9769 | IceCv    | Killed a white draconian
  9770 | IceCv    | Reached skill level 5 in Shields
 10304 | D:11     | Noticed a two-headed ogre
 10322 | D:11     | Killed a two-headed ogre
 10324 | D:11     | Reached skill level 5 in Armour
 10386 | D:11     | Noticed a centaur warrior
 10403 | D:11     | Killed a centaur warrior
 10404 | D:11     | Reached XP level 12. HP: 70/70 MP: 16/16
 10414 | D:11     | Noticed a six-headed hydra
 10460 | D:11     | Noticed a boulder beetle
 10475 | D:11     | Reached skill level 12 in Fighting
 10489 | D:11     | Killed a boulder beetle
 10503 | D:11     | Noticed a boulder beetle
 10565 | D:11     | Killed a boulder beetle
 10744 | D:11     | Noticed Erica
 10771 | D:11     | Killed Erica
 10797 | D:11     | Noticed a centaur warrior
 10803 | D:11     | Killed a centaur warrior
 11157 | D:11     | Noticed a rakshasa
 11165 | D:11     | Killed a rakshasa
 11171 | D:11     | Noticed a boulder beetle
 11193 | D:11     | Killed a boulder beetle
 11232 | D:11     | Noticed a boulder beetle
 11412 | D:11     | Identified the staff of earth "Gepov" {Int+4}
 11420 | D:11     | Identified the staff of death "Rosurear" {rN+ Str+3 Dex+3}
 11522 | D:10     | Reached XP level 13. HP: 69/76 MP: 17/17
 11597 | D:11     | Reached skill level 13 in Fighting
 12664 | Lair:1   | Entered Level 1 of the Lair of Beasts
 13747 | Lair:1   | Found a runed translucent door.
 13749 | Lair:1   | Noticed oldriver's ghost (journeyman DrIE)
 13921 | Lair:2   | Reached skill level 14 in Fighting
 14316 | Lair:2   | Found a staircase to the Swamp.
 14772 | Lair:3   | Reached XP level 14. HP: 74/84 MP: 7/18
 14884 | Lair:3   | Reached skill level 10 in Armour
 14957 | Lair:3   | Found a hole to the Spider Nest.
 15284 | Lair:3   | Reached skill level 15 in Fighting
 15885 | Lair:4   | Found a staircase to the Slime Pits.
 15886 | Lair:4   | Found a viscous altar of Jiyva.
 15975 | Lair:4   | Noticed Sonja
 16275 | Lair:4   | You fall into a shaft and drop 1 floor!
 16275 | Lair:5   | Entered Level 5 of the Lair of Beasts
 16331 | Lair:5   | Identified a scroll of acquirement
 16332 | Lair:5   | Acquired a +1 quick blade of draining
 16426 | Lair:5   | Identified the staff of cold "Osuh" {rC+ rN+ Will- Int-2
                  | Dex+8}
 16944 | Lair:5   | Reached XP level 15. HP: 34/91 MP: 14/19
 16964 | Lair:5   | Reached skill level 16 in Fighting
 17061 | Lair:5   | Identified the +7 rapier "Acveemed" {flame, Fly rC++ Will-
                  | Dex+2}
 17979 | Lair:4   | Killed Sonja
 18423 | Orc:1    | Entered Level 1 of the Orcish Mines
 18487 | Orc:1    | Noticed Jorgrun
 18498 | Orc:1    | Killed Jorgrun
 18770 | Orc:2    | Entered Level 2 of the Orcish Mines
 18914 | Orc:2    | Found Votramp's Magic Scroll Shop.
 18914 | Orc:2    | Found Saimuici's Jewellery Emporium.
 19067 | Orc:2    | Found Xinempiu's Jewellery Boutique.
 19069 | Orc:2    | Found Lekiqul's General Store.
 19306 | Orc:2    | Found a staircase to the Elven Halls.
 19445 | Orc:2    | Found Jenioll's Armour Boutique.
 19451 | Orc:2    | Found a runed translucent gate.
 19451 | Orc:2    | Found a runed translucent gate.
 19451 | Orc:2    | Found a runed translucent gate.
 19455 | Orc:2    | Noticed AverageBear's ghost (journeyman OpCA)
 19455 | Orc:2    | Noticed elongatedgoose's ghost (journeyman MiFi)
 19579 | Orc:2    | Bought a +1 buckler of resistance for 474 gold pieces
 20193 | D:5      | Killed Crazy Yiuf
 20419 | D:10     | Killed lessens's ghost
 20714 | D:13     | Noticed Josephine
 20728 | D:13     | Killed Josephine
 21382 | D:14     | Reached skill level 17 in Fighting
 21401 | D:14     | Found a gate to the Vaults.
 21440 | D:14     | Reached XP level 16. HP: 72/98 MP: 22/22
 21534 | D:14     | Found a gate leading to a gauntlet.
 21550 | Gauntlet | Entered a Gauntlet
 21550 | Gauntlet | Found a runed translucent door.
 21550 | Gauntlet | Found a transporter.
 21550 | Gauntlet | Found a runed translucent door.
 21550 | Gauntlet | Found a transporter.
 21563 | Gauntlet | Found a transporter.
 21580 | Gauntlet | Found a transporter.
 21580 | Gauntlet | Found a transporter.
 21580 | Gauntlet | Found a transporter.
 21582 | Gauntlet | Found a transporter.
 21582 | Gauntlet | Found a transporter.
 21594 | Gauntlet | Found a transporter.
 21610 | Gauntlet | Found a transporter.
 21620 | Gauntlet | Found a transporter.
 21634 | Gauntlet | Found a transporter.
 21654 | Gauntlet | Found a transporter.
 21657 | Gauntlet | Found a runed translucent door.
 21662 | Gauntlet | Found a runed translucent door.
 21666 | Gauntlet | Found a transporter.
 22015 | Gauntlet | Identified the ring "Gagubo" {Fire +Blink Dex-2 Stlth+}
 22032 | Gauntlet | Identified the ring of Huqud {rF+ Str+6 Stlth+}
 22675 | D:14     | Found the +9 sword of Zonguldrok {reap}
 22675 | D:14     | Noticed a bone dragon
 23067 | D:14     | Killed a bone dragon
 23425 | D:14     | Found a sacrificial altar of Ru.
 23580 | D:15     | Entered Level 15 of the Dungeon
 24223 | D:15     | Found a staircase to the Depths.
 24459 | D:15     | Found a runed translucent gate.
 24459 | D:15     | Noticed a lich
 24459 | D:15     | Noticed Tolur's ghost (adept DEFE)
 24460 | D:15     | Found a runed translucent gate.
 24460 | D:15     | Found an ancient bone altar of Kikubaaqudgha.
 24460 | D:15     | Noticed Guh Rysug's ghost (journeyman DsGl)
 24460 | D:15     | Noticed a lich
 24461 | D:15     | Found a runed translucent gate.
 24461 | D:15     | Noticed a lich
 24483 | D:15     | Killed a lich
 24485 | D:15     | Killed a lich
 24496 | D:15     | Killed Guh Rysug's ghost
 24500 | D:15     | Killed Tolur's ghost
 24509 | D:15     | Killed a lich
 24552 | D:15     | Identified the ring of the Thieving Gods {rPois rCorr Dex+2
                  | SInv}
 24559 | D:15     | Identified the +0 helmet "Nutusk" {rPois rN+ Will+ Str-5}
 24563 | D:15     | Got Kikubaaqudgha's Dissertation on Cadavers
 24764 | Spider:1 | Entered Level 1 of the Spider Nest
 25046 | Spider:1 | Identified the +8 spear of Kieh Hof {speed, rPois MP-9
                  | SInv}
 25399 | Spider:1 | Reached XP level 17. HP: 103/104 MP: 25/25
 25464 | Spider:1 | Reached skill level 18 in Fighting
 25640 | Spider:1 | Reached skill level 10 in Invocations
 25973 | Spider:2 | Noticed Mlioglotl
 26011 | Spider:2 | Killed Mlioglotl
 26566 | Spider:2 | Acquired 404 gold pieces
 27478 | Spider:3 | Noticed Azrael
 27485 | Spider:3 | Slain by a death scarab

Illustrated notes

Levels and vault maps discovered:
D:1:      lemuel_arrival_behind_the_door_large, layout_basic, minmay_bisected
D:2:      layout_basic, serial_shops, nicolae_shop_crystal, uniq_jessica,
          uniq_natasha, uniq_sigmund
D:3:      layout_basic, chequers_temple_overflow_statue_of_worship, st_stairs_4,
          dreamdust_wishing_well, minmay_misc_feat_ornament,
          minmay_misc_feat_chi
D:4:      layout_basic, lemuel_crystal_altar, serial_undead, serial_undead_b,
          serial_undead_b, serial_undead_c, serial_undead_c
D:5:      layout_loops_ring, old_standard_altar, enter_ossuary_2,
          uniq_blork_the_orc, uniq_crazy_yiuf_cottage
D:6:      layout_loops_cross, nicolae_overflow_hidden_temple,
          mainiacjoe_overflow_cross_hatched, grunt_gozag_statues, minivault_4,
          grunt_decor_one_mirror, uniq_eustachio
D:7:      layout_rooms, minmay_temple_entry_enclosed_plants
D:8:      layout_basic, lemuel_blue_sif_altar, enter_bailey_8,
          grunt_ministairs_1
D:9:      layout_cave_pools, lemuel_tele_altar, kennysheep_mini_moat,
          chei_slow_surprise, kennysheep_vampire_church, elyvilon_altar_5,
          serial_column_ruins, column_ruins_square_large,
          column_ruins_columns_T, column_ruins_columns_straight,
          column_ruins_grid_1, column_ruins_open_medium
D:10:     layout_loops_cross, david_lair_shrubbed, david_orc_1_choice,
          gammafunk_ghost_arena, serial_shops, nicolae_shop_crystal
D:11:     minmay_the_grid_3x3 [minmay_the_grid_spin_star, minmay_the_grid_doors,
          minmay_the_grid_paths, minmay_the_grid_square_x,
          minmay_the_grid_expand, minmay_the_grid_minigrid_large,
          minmay_the_grid_slots, minmay_the_grid_large_cup,
          minmay_the_grid_prize_trominoes], layout_gridville,
          portal_ice_cave_entry_pillars_2, uniq_erica
D:12:     layout_cave_pods, kennysheep_generic_room_3
D:13:     layout_irregular_city, uniq_josephine
D:14:     layout_basic, skrybe_vaults_entry_preservation,
          gauntlet_entry_generic, nicolae_ru_path_of_blood,
          minmay_guarded_unrand_zonguldrok
D:15:     grunt_enter_depths_hoard, layout_long_grid, gammafunk_ghost_crypt
Lair:1:   layout_cave_pods, ebering_ghost_inner_flame,
          grunt_forest_small_clearings, serial_bayou_ford_a, minivault_11,
          dreamdust_gnoll_shepherd
Lair:2:   layout_regular_city, minmay_swamp_entry_worms
Lair:3:   layout_regular_city, spider_nest_entry_funnel_web
Lair:4:   dragon1_lemuel, layout_layer_cave, slime_entry_1,
          columned_hall_lemuel, uniq_sonja
Lair:5:   grunt_lair_end_beastmaster, layout_gridlike, grunt_megastairs_4
Spider:1: layout_spider_delve, drop_trap, nicolae_spider_webs_and_nodes
Spider:2: layout_cave_pods, uniq_mlioglotl
Spider:3: cheibrodos_spider_silkery, gammafunk_ghost_tricky_traps,
          nicolae_spider_cling_halls, uniq_azrael
Orc:1:    cheibrodos_orc_bank, layout_caves, basic_altar, uniq_jorgrun
Orc:2:    st_orc_rangers, layout_caves, basic_altar, serial_shops,
          nicolae_shop_hallway_stairs, gammafunk_ghost_cemetery

Skill      XL: |  1  2  3  4  5  6  7  8  9 10 11 12 13 14 15 16 17 |
---------------+----------------------------------------------------+-----
Short Blades   | 2 3 4 5 6 8 10 | 10.3
Fighting       | 3 4 5 6 7 8 10 11 12 14 15 17 18 | 18.5
Invocations    | 3 5 7 9 10 | 10.0
Shields        | 5 8 9 |  9.7
Armour         | 5 7 9 11 13 14 | 14.7

Action                     |  1- 3 |  4- 6 |  7- 9 | 10-12 | 13-15 | 16-18 || total
---------------------------+-------+-------+-------+-------+-------+-------++-------
  Melee: Rapier            |    84 |   164 |   512 |   266 |       |       ||  1026
         Bite              |    20 |    40 |   199 |   403 |   862 |   648 ||  2172
         Dagger            |       |       |       |   699 |   814 |       ||  1513
         Quick blade       |       |       |       |       |  1050 |  1265 ||  2315
 Invoke: Grand Finale      |       |       |     1 |     2 |     3 |     2 ||     8
         Stomp             |       |       |       |       |       |     2 ||     2
  Evoke: Wand              |       |       |     3 |     4 |     5 |       ||    12
    Use: Scroll            |       |       |    14 |    13 |    10 |     7 ||    44
         Potion            |       |       |     1 |     5 |     2 |     3 ||    11
   Stab: Paralysed         |       |       |    14 |    33 |   112 |    93 ||   252
         Distracted        |       |       |       |     1 |       |       ||     1
         Petrified         |       |       |       |       |     5 |       ||     5
         Petrifying        |       |       |       |       |     1 |       ||     1
         Invisible         |       |       |       |       |       |    12 ||    12
 Armour: Scale mail        |    43 |    69 |   110 |       |       |       ||   222
         Chain mail        |       |       |    11 |   314 |    76 |       ||   401
         Pearl dragon scal |       |       |       |       |   574 |   565 ||  1139
  Dodge: Dodged            |    36 |    78 |   181 |   189 |   481 |   298 ||  1263
  Block: Buckler           |    21 |    28 |    82 |   161 |   346 |   232 ||   870

Table legend: (Time is in decaauts)
 A = Elapsed time spent in this place.
 B = Non-inter-level travel time spent in this place.
 C = Inter-level travel time spent in this place.
 D = Time resting spent in this place.
 E = Time spent auto-exploring this place.
 F = Levels seen in this place.
 G = Mean time per level.
                   A        B        C        D        E       F      G
               +--------+--------+--------+--------+--------+-----+--------+
         Total |  25233 |  23542 |   1691 |   1765 |  14856 |  29 |  870.1 |
       Dungeon |  14418 |  13250 |   1168 |    976 |   8902 |  15 |  961.2 |
          Lair |   5125 |   4813 |    312 |    171 |   3469 |   5 | 1025.0 |
   Spider Nest |   2293 |   2208 |     85 |    264 |   1353 |   3 |  764.3 |
  Orcish Mines |   1364 |   1239 |    125 |      7 |    790 |   2 |  682.0 |
       Ossuary |    395 |    395 |      0 |      0 |     72 |   1 |  395.0 |
        Bailey |    369 |    369 |      0 |     91 |     92 |   1 |  369.0 |
      Ice Cave |    740 |    740 |      0 |    255 |     58 |   1 |  740.0 |
      Gauntlet |    526 |    526 |      0 |      0 |    120 |   1 |  526.0 |
               +--------+--------+--------+--------+--------+-----+--------+

Top non-repeatable levels by time:
     D:8: 1607 daAuts
    D:14: 1449 daAuts
    D:11: 1435 daAuts
  Lair:4: 1287 daAuts
Spider:2: 1212 daAuts
     D:5: 1095 daAuts
     D:9: 1075 daAuts
  Lair:1: 1033 daAuts
    D:10: 1031 daAuts
Spider:1: 982 daAuts
  Lair:3: 959 daAuts
  Lair:5: 948 daAuts
    D:15: 905 daAuts
  Lair:2: 896 daAuts
     D:1: 871 daAuts
